 Dungeon Crawl Stone Soup version 0.29.0-7-g18a832c13a (webtiles) character file.

Game seed: 4086489672528250388

21014 Heh the Fighter (level 12, 0/96 HPs)
             Began as an Octopode Fighter on Sept 1, 2022.
             Was the Champion of Jiyva.
             Slain by a yak (14 damage)
             ... on level 3 of the Lair of Beasts.
             The game lasted 00:17:57 (12572 turns).

Heh the Fighter (Octopode Fighter)                 Turns: 12572, Time: 00:17:57

Health: 0/96       AC:  8    Str: 14    XL:     12   Next: 85%
Magic:  12/12      EV: 25    Int:  8    God:    Jiyva [******]
Gold:   820        SH: 10    Dex: 24    Spells: 11/11 levels left

rFire   . . .      SeeInvis +   T - +1 morningstar (protect)
rCold   . . .      Faith    .   b - +0 buckler
rNeg    . . .      Spirit   .   (helmet restricted)
rPois   +          Reflect  .   u - amulet of regeneration
rElec   .          Harm     .   (no ring)
rCorr   +          Rampage  .   (no ring)
Will    +++..                   (no ring)
Stlth   +++.......              (no ring)
HPRegen 2.66/turn               (no ring)
MPRegen 0.63/turn               (no ring)
                                (no ring)
                                (no ring)

@: under a protective aura
A: almost no armour, amphibious, 8 rings, camouflage 1, gelatinous body 1,
(nimble swimmer 1), tentacles, large bone plates 1, see invisible, agile 2,
strong-willed 3, poison resistance, tendrils, jelly sensing items
a: Renounce Religion, Oozemancy, Slimify


You were on level 3 of the Lair of Beasts.
You worshipped Jiyva.
Jiyva was exalted by your worship.
You visited 2 branches of the dungeon, and saw 12 of its levels.
You also visited: Sewer and Ossuary.

You collected 820 gold pieces.

Inventory:

Hand Weapons
 j - a +2 dagger of venom
 x - a +0 flail of holy wrath
 B - a +2 whip of freezing
 H - a +1 war axe of flaming
 J - a +4 quarterstaff of chaos
 N - a +1 antimagic short sword
 O - a +0 short sword of holy wrath
 Q - a +0 dagger of speed
 R - a +3 mace of freezing
 T - a +1 morningstar of protection (weapon)
 U - a +2 dagger of draining
 V - the +7 dagger "Somean" {drain, rPois rC+ Dex+3 SInv}
   (You found it on level 2 of the Lair of Beasts)

   A truly terrible weapon, it drains the life of any living foe it strikes.
   Dex:       It affects your dexterity (+3).
   rC:        It protects you from cold.
   rPois:     It protects you from poison.
   SInv:      It lets you see invisible.
Missiles
 l - 17 poisoned darts (quivered)
 y - 3 throwing nets
 P - 3 curare-tipped darts
Armour
 b - a +0 buckler (worn)
 A - a +0 robe
 C - a +0 chain mail
Jewellery
 i - a ring of ice
 u - an amulet of regeneration (around mantle)
Wands
 z - a wand of iceblast (7)
 I - a wand of flame (45)
Scrolls
 a - a scroll of fear {unknown}
 d - 3 scrolls of teleportation
 e - 2 scrolls of vulnerability {unknown}
 h - a scroll of torment {unknown}
 m - 2 scrolls of enchant weapon
 v - a scroll of silence {unknown}
 w - 2 scrolls of enchant armour {unknown}
 E - 3 scrolls of identify
 G - 3 scrolls of amnesia {unknown}
 K - a scroll of blinking {unknown}
 M - a scroll of poison {unknown}
Potions
 c - 5 potions of might
 f - 9 potions of curing
 g - 4 potions of mutation {unknown}
 k - 3 potions of lignification
 n - a potion of flight
 o - 3 potions of magic {unknown}
 q - 3 potions of attraction
 r - 4 potions of haste {unknown}
 s - a potion of invisibility
 t - a potion of degeneration
 D - a potion of ambrosia
 F - 2 potions of cancellation
 S - a potion of brilliance


   Skills:
 + Level 14.0 Fighting
 - Level 2.4(2.8) Short Blades
 - Level 2.0(2.6) Long Blades
 + Level 5.1(5.6) Maces & Flails
 - Level 4.8(5.3) Polearms
 - Level 3.1(5.6) Staves
 + Level 13.8 Dodging
 - Level 3.0 Shields


You had 11 spell levels left.
You didn't know any spells.
Your spell library contained the following spells:

 Spells                   Type           Power      Damage    Failure   Level
 Summon Small Mammal      Summ           0%         N/A       50%         1
 Call Canine Familiar     Summ           0%         N/A       86%         3
 Gell's Gravitas          Tloc           0%         N/A       86%         3
 Summon Guardian Golem    Hex/Summ       0%         N/A       86%         3
 Teleport Other           Tloc           0%         N/A       86%         3
 Anguish                  Hex/Necr       0%         N/A       99%         4
 Dispersal                Tloc           0%         N/A       100%        6
 Enfeeble                 Hex            0%         N/A       100%        7


Dungeon Overview and Level Annotations

Branches:
Dungeon (9/15)             Temple (0/1) D:4            Lair (3/5) D:9
 Shoals (0/4) Lair:3       Spider (0/4) Lair:2        Sewer (visited)
Ossuary (visited)
    Orc: D:9-12

Altars:
Ashenzari
Cheibriados
Dithmenos
Nemelex Xobeh
Okawaru
Vehumet
Yredelemnul
Zin
The Shining One

Shops:
D:1 *

Annotations:
D:5 3 runed translucent doors, Adrian566's ghost, novice DsFi
D:8 1 transporter


Innate Abilities, Weirdness & Mutations

You cannot wear most types of armour.
You are amphibious.
You can wear up to eight rings at the same time.
Your skin changes colour to match your surroundings (Stealth+).
Your rubbery body absorbs attacks. (AC +1, EV +1)
((You are camouflaged when in or above water. (Stealth+)))
You have tentacles for arms and can constrict up to eight enemies at once.
You are partially covered in large bone plates. (SH +4)
You have supernaturally acute eyesight. (SInv)
You are very agile. (Dex +8, Str/Int -2)
You are extremely strong-willed. (Will+++)
Your system is resistant to poisons. (rPois)
You are covered in slimy tendrils that may disarm your opponents.
You have a small jelly attached to you that senses nearby items.


Message History

The yak closely misses you. x2; The yak completely misses you.
The yak gores you!
* * * LOW HITPOINT WARNING * * *
You feel much better. The yak completely misses you.
The yak gores you but does no damage. You block the yak's attack.
The yak misses you. The yak gores you but does no damage.
You sock the yak!
The yak is severely wounded.
The yak gores you but does no damage. You block the yak's attack.
The yak closely misses you. You block the yak's attack. The yak misses you.
You hear a slurping noise.
You sock the yak! Your squeeze misses the yak.
The yak is moderately wounded.
You block the yak's attack. x2; The yak closely misses you.
The yak misses you. The yak gores you!
* * * LOW HITPOINT WARNING * * *
You puncture the yak!
The yak is moderately wounded.
The yak closely misses you.
You block the yak's attack. x2; The yak gores you.
The yak gores you!
* * * LOW HITPOINT WARNING * * *
The yak completely misses you. The yak closely misses you.
The yak misses you. x2
The yak gores you.
* * * LOW HITPOINT WARNING * * *
You completely miss the yak. You squeeze the yak.
The yak is severely wounded.
The yak closely misses you. You block the yak's attack.
The yak barely misses you. The yak completely misses you.
The yak closely misses you.
You hit the yak. You squeeze the yak.
The yak is almost dead.
You block the yak's attack. The yak completely misses you. The yak gores you!
* * * LOW HITPOINT WARNING * * *
The yak misses you. The yak completely misses you.
The jelly hits the yak but does no damage.
Unknown command.
You sock the yak!
You kill the yak!
The yak completely misses you. You block the yak's attack. The yak gores you!
You die...

#~~~#~~~#ā‰ˆ~~#.##..#P......
#~~~#~~~#ā€ ~~#.....#.....
'###~~ā‰ˆ~~####......#
...#######.........# .....#
#..........#
.....P##..........#
.....###....#.#..# .
##....##...P#..#####....
#.....#.......Jā€ @YY.....
........>......YYY......
........................
........................
........................
........................
....####.......#.....#..
###.####.....##....#.#..
.P##..##......#....


You could see 5 yaks and a neutral jelly (wandering) (fellow slime).

Vanquished Creatures
  Erolcha (D:9)
  A hydra (Lair:1)
  Sonja (Lair:2)
  An orb spider (Lair:2)
  Pikel (D:5)
  Maurice (D:9)
  A black mamba (Lair:2)
  4 cane toads
  Maggie (D:6)
  3 komodo dragons
  A rime drake (Lair:3)
  Grinder (D:5)
  5 blink frogs
  2 wyverns
  28 yaks
  2 basilisks
  A steam dragon (D:9)
  2 wargs (D:9)
  Edmund (D:5)
  12 water moccasins
  4 orc warriors
  2 sky beasts
  2 ice beasts
  4 ogres
  2 centaurs (D:8)
  A phantom (D:5)
  6 wolves
  An elf zombie (D:6)
  A kobold brigand (D:9)
  8 bullfrogs
  3 necrophages
  An elf skeleton (D:6)
  2 scorpions
  2 wights (D:9)
  3 killer bees (D:7)
  4 electric eels
  5 lava snakes (Lair:1)
  2 human zombies (D:6)
  3 hounds
  Crazy Yiuf (D:6)
  2 gnoll boudas
  6 orc priests
  A jelly (Sewer)
  5 iguanas
  13 orc wizards
  A human skeleton (D:6)
  9 mummies
  7 gnolls
  8 adders
  5 river rats
  A worm (Sewer)
  2 dart slugs
  30 orcs
  3 bats
  17 endoplasms
  7 giant cockroaches
  6 goblins
  8 hobgoblins
  2 jackals (D:4)
  3 quokkas (D:2)
  11 ball pythons
  4 frilled lizards
  4 hobgoblin zombies (Ossuary)
  7 kobolds
  2 kobold zombies (Ossuary)
  An orc skeleton (D:6)
  2 orc zombies (Ossuary)
  11 rats
305 creatures vanquished.

Vanquished Creatures (collateral kills)
  A hydra (Lair:1)
  Harold (D:9)
  A lindwurm (Lair:3)
  3 komodo dragons
  4 yaks (Lair:3)
  Grum (D:8)
  A water moccasin (Lair:3)
  An orc warrior (D:8)
  A wolf (D:8)
  A wight (D:9)
  An orc priest (D:8)
  An orc wizard (D:8)
  4 orcs
21 creatures vanquished.

Vanquished Creatures (others)
  A merfolk siren (Lair:3)
  A cane toad (Lair:1)
  A water moccasin (Lair:3)
  2 lemures (D:5)
  4 bullfrogs
  32 jellies
  2 howler monkeys (D:8)
  2 orc priests
  2 hounds (D:5)
  3 orc wizards
  3 gnolls (D:4)
  An adder (D:5)
  A dart slug (D:4)
  An endoplasm (D:4)
  9 orcs
  A bat (D:3)
  4 kobolds (D:9)
  A quokka (D:3)
  2 ball pythons (D:3)
  22 fungi
  22 plants
  4 withered plants (D:9)
121 creatures vanquished.

Grand Total: 447 creatures vanquished

Notes
Turn   | Place    | Note
-------+----------+-------------------------------------------
     0 | D:1      | Heh the Octopode Fighter began the quest for the Orb.
     0 | D:1      | Reached XP level 1. HP: 16/16 MP: 1/1
   224 | D:1      | Reached XP level 2. HP: 16/21 MP: 2/2
   458 | D:1      | Found Zueqees's Assorted Antiques.
  1022 | D:1      | Found a faded altar of an unknown god.
  1343 | D:2      | Reached skill level 4 in Fighting
  1343 | D:2      | Reached XP level 3. HP: 27/27 MP: 3/3
  2471 | D:3      | Reached XP level 4. HP: 34/34 MP: 4/4
  2506 | D:3      | Found a shadowy altar of Dithmenos.
  2788 | D:3      | Reached skill level 5 in Fighting
  2792 | D:3      | Found a glowing drain.
  2801 | Sewer    | Entered a sewer
  2996 | Sewer    | Reached XP level 5. HP: 39/39 MP: 5/5
  3538 | Sewer    | Found a viscous altar of Jiyva.
  3544 | Sewer    | Reached skill level 6 in Fighting
  3556 | Sewer    | Became a worshipper of Jiyva Jiust the Shapeless
  3788 | D:3      | Noticed an ogre
  3804 | D:3      | Killed an ogre
  3931 | D:3      | Found an iron altar of Okawaru.
  4086 | D:3      | Reached * piety under Jiyva
  4124 | D:3      | Reached XP level 6. HP: 42/47 MP: 6/6
  4472 | D:4      | Reached skill level 7 in Fighting
  4520 | D:4      | Found a staircase to the Ecumenical Temple.
  4673 | D:4      | Reached XP level 7. HP: 54/54 MP: 7/7
  4809 | D:4      | Reached ** piety under Jiyva
  5042 | D:4      | Found a broken altar of Ashenzari.
  5353 | D:5      | Entered Level 5 of the Dungeon
  5498 | D:5      | Reached *** piety under Jiyva
  5526 | D:5      | Gained mutation: You are covered in slimy tendrils that may
                  | disarm your opponents. [Jiyva's grace]
  5526 | D:5      | Gained mutation: You are partially covered in large bone
                  | plates. (SH +4) [Jiyva's grace]
  5526 | D:5      | Gained mutation: You are mostly covered in large bone
                  | plates. (SH +6) [Jiyva's grace]
  5526 | D:5      | Gained mutation: You are completely covered in large bone
                  | plates. (SH +8) [Jiyva's grace]
  5564 | D:5      | Reached skill level 5 in Dodging
  5609 | D:5      | Reached XP level 8. HP: 55/61 MP: 8/8
  5698 | D:5      | Found a runed translucent gate.
  5700 | D:5      | Found a runed translucent gate.
  5701 | D:5      | Found a runed translucent gate.
  5702 | D:5      | Noticed Adrian566's ghost (novice DsFi)
  5707 | D:5      | Reached skill level 8 in Fighting
  5821 | D:5      | Noticed Pikel
  5833 | D:5      | Killed Pikel
  5848 | D:5      | Noticed Edmund
  5857 | D:5      | Killed Edmund
  5880 | D:5      | Noticed Grinder
  5884 | D:5      | Paralysed by Grinder for 5 turns
  5900 | D:5      | Killed Grinder
  5901 | D:5      | Reached XP level 9. HP: 36/67 MP: 9/9
  6312 | D:6      | Reached skill level 9 in Fighting
  6320 | D:6      | Found a sand-covered staircase.
  6383 | Ossuary  | Entered an ossuary
  6653 | D:6      | Reached **** piety under Jiyva
  6896 | D:6      | Found a glowing golden altar of the Shining One.
  6992 | D:6      | Noticed Maggie
  7008 | D:6      | Killed Maggie
  7035 | D:6      | Found a snail-covered altar of Cheibriados.
  7098 | D:6      | Reached skill level 10 in Dodging
  7334 | D:6      | Found a runed translucent door.
  7335 | D:6      | Noticed Crazy Yiuf
  7418 | D:6      | Killed Crazy Yiuf
  7476 | D:7      | Reached skill level 10 in Fighting
  7476 | D:7      | Reached skill level 1 in Staves
  7824 | D:7      | Reached ***** piety under Jiyva
  7842 | D:7      | Reached XP level 10. HP: 60/76 MP: 10/10
  7925 | D:7      | Lost mutation: You are completely covered in large bone
                  | plates. (SH +8) [Jiyva's grace]
  7925 | D:7      | Gained mutation: You are strong-willed. (Will+) [Jiyva's
                  | grace]
  7925 | D:7      | Gained mutation: You are highly strong-willed. (Will++)
                  | [Jiyva's grace]
  7925 | D:7      | Gained mutation: You are extremely strong-willed. (Will+++)
                  | [Jiyva's grace]
  7925 | D:7      | Gained mutation: You have a small jelly attached to you
                  | that senses nearby items. [Jiyva's grace]
  8929 | D:8      | Noticed Grum
  8937 | D:8      | Killed Grum
  9223 | D:8      | Found a glowing silver altar of Zin.
  9377 | D:8      | Found a sparkling altar of Nemelex Xobeh.
  9377 | D:8      | Found a transporter.
  9377 | D:8      | Noticed a seven-headed hydra
  9377 | D:8      | Noticed a centaur warrior
  9496 | D:9      | Found a basalt altar of Yredelemnul.
  9503 | D:9      | Reached ****** piety under Jiyva
  9503 | D:9      | Noticed Maurice
  9514 | D:9      | Killed Maurice
  9515 | D:9      | Reached skill level 11 in Fighting
  9515 | D:9      | Reached skill level 1 in Polearms
  9592 | D:9      | Noticed Erolcha
  9600 | D:9      | Noticed Harold
  9606 | D:9      | Killed Harold
  9607 | D:9      | Killed Erolcha
  9612 | D:9      | Reached XP level 11. HP: 81/83 MP: 11/11
  9755 | D:9      | Found a staircase to the Lair.
  9958 | D:9      | Found a radiant altar of Vehumet.
 10022 | Lair:1   | Entered Level 1 of the Lair of Beasts
 10050 | Lair:1   | Noticed a five-headed hydra
 10057 | Lair:1   | Killed a five-headed hydra
 10453 | Lair:1   | Noticed a four-headed hydra
 10465 | Lair:1   | Killed a four-headed hydra
 10466 | Lair:1   | Reached skill level 12 in Fighting
 10466 | Lair:1   | Reached skill level 1 in Maces & Flails
 10502 | Lair:1   | Lost mutation: You are mostly covered in large bone plates.
                  | (SH +6) [Jiyva's grace]
 10502 | Lair:1   | Gained mutation: You are agile. (Dex +4, Str/Int -1)
                  | [Jiyva's grace]
 10502 | Lair:1   | Gained mutation: You are very agile. (Dex +8, Str/Int -2)
                  | [Jiyva's grace]
 10502 | Lair:1   | Gained mutation: Your system is resistant to poisons.
                  | (rPois) [Jiyva's grace]
 10502 | Lair:1   | Gained mutation: You have supernaturally acute eyesight.
                  | (SInv) [Jiyva's grace]
 11163 | Lair:2   | Noticed Sonja
 11175 | Lair:2   | Killed Sonja
 11185 | Lair:2   | Identified the +7 dagger "Somean" {drain, rPois rC+ Dex+3
                  | SInv}
 11337 | Lair:2   | Reached XP level 12. HP: 92/92 MP: 12/12
 11346 | Lair:2   | Reached skill level 1 in Short Blades
 11362 | Lair:2   | Reached skill level 13 in Fighting
 11411 | Lair:2   | Found a hole to the Spider Nest.
 12139 | Lair:3   | HP: 4/95 [lindwurm/blast of flame (39)]
 12201 | Lair:3   | Found a staircase to the Shoals.
 12535 | Lair:3   | Reached skill level 5 in Maces & Flails
 12547 | Lair:3   | Reached skill level 14 in Fighting
 12572 | Lair:3   | Slain by a yak

Illustrated notes

Levels and vault maps discovered:
D:1:      nzn_arrival_settlement, layout_loops_ring,
          shapermc_ecumenical_altar_mp_highgroup, serial_co_window_serial,
          co_window_of_opportunity_a, co_window_paths_a, co_window_paths_b,
          co_window_paths_a, co_window_cross_1, co_window_unsneaky_path_e,
          co_window_broadway_b, co_window_cross_2, co_window_corner_b,
          co_window_2corner, co_window_paths_e, glass_columns_a, serial_shops,
          nicolae_shop_overgrown_old_shop
D:2:      minmay_angry_zag, layout_loops_cross
D:3:      layout_loops_ring, mainiacjoe_overflow_concentric_impassable,
          mainiacjoe_overflow_six_doors_small, portal_sewer_entry_e,
          dk_noncrumbling_3, minmay_misc_feat_secret_circle,
          nicolae_kite_square_tiling_tiny,
          nicolae_concentric_dashed_squares_mild
D:4:      layout_loops_cross, mainiacjoe_overflow_cross_hatched,
          minmay_temple_entry_tees, serial_co_window_serial,
          co_window_of_opportunity_a, co_window_paths_a, co_window_corner_a,
          co_window_corner_a, co_window_paths_a, co_window_corner_ca,
          co_window_cross_4, co_window_corner_b, co_window_of_opportunity_c,
          co_window_cross_2, glass_columns_a, glass_columns_a, glass_columns_b,
          glass_columns_b, glass_columns_c, amcnicky_mini_pool_small
D:5:      layout_loops_corners, gammafunk_ghost_split,
          chequers_serial_rivers_micro_b, nrook_loot_triangle, uniq_pikel,
          uniq_edmund, uniq_grinder
D:6:      layout_basic, slow_altar_2, lemuel_round_altar,
          nicolae_ossuary_entry_catacombs, serial_bayou_crossing, uniq_maggie,
          uniq_crazy_yiuf_cottage
D:7:      layout_layer_cave
D:8:      layout_rooms, grunt_nemelex_the_gamble, mainiacjoe_overflow_alcove_1,
          minmay_misc_feat_iff, hangedman_decor_riveting, uniq_grum
D:9:      layout_big_octagon, kennysheep_mini_moat, yredelemnul_altar_generic,
          erik_lair_orcish_takeover, chequers_garden, uniq_maurice, uniq_harold,
          uniq_erolcha
Lair:1:   layout_cave_pods, minivault_26, nicolae_lair_liquid_snakes
Lair:2:   layout_roguey, nicolae_spider_entry_orb_guardian, beast_lair_carwin_2,
          uniq_sonja
Lair:3:   layout_regular_city, elwin_shoals_entry_rooms, nicolae_lair_lindhole

Skill      XL: |  1  2  3  4  5  6  7  8  9 10 11 12 |
---------------+-------------------------------------+-----
Fighting       | 4 5 6 7 8 10 11 12 14 | 14.0
Dodging        | 6 8 10 11 12 13 | 13.8
Staves         | 1 3 |  3.1
Polearms       | 3 4 |  4.8
Maces & Flails | 3 5 |  5.1
Short Blades   | 2 |  2.4
Long Blades    | |  2.0
Shields        | |  3.0

Action                   |  1- 3 |  4- 6 |  7- 9 | 10-12 || total
-------------------------+-------+-------+-------+-------++-------
Melee: Long sword        |    13 |       |       |       ||    13
       Tentacles         |    15 |    25 |    80 |   149 ||   269
       Constrict         |    16 |    27 |    59 |    70 ||   172
       Dagger            |    68 |   131 |    92 |   106 ||   397
       Punch             |       |     1 |     8 |    14 ||    23
       Whip              |       |       |   158 |       ||   158
       Quarterstaff      |       |       |    16 |    49 ||    65
       Halberd           |       |       |       |   113 ||   113
       Morningstar       |       |       |       |   257 ||   257
Throw: Dart              |       |     3 |       |       ||     3
Evoke: Wand              |       |       |       |     3 ||     3
  Use: Potion            |     1 |     2 |       |     5 ||     8
       Scroll            |       |     3 |       |    10 ||    13
 Stab: Sleeping          |    10 |     6 |     7 |     6 ||    29
Armor: Skin              |     2 |     8 |     9 |    91 ||   110
Dodge: Dodged            |    30 |   100 |   118 |   668 ||   916
Block: Buckler           |     5 |    30 |   104 |   266 ||   405
       Other             |       |       |    16 |    83 ||    99
